 Dungeon Crawl Stone Soup version 0.27.1-15-g792fb953b9 (webtiles) character file.

Game seed: 15642279856161797405

936 zeram the Sneak (level 7, -4/35 HPs)
             Began as a Spriggan Fighter on Nov 19, 2021.
             Killed from afar by Duvessa (6 damage)
             ... with a puff of flame
             ... while paralysed by Grinder
             ... on level 5 of the Dungeon.
             The game lasted 00:13:06 (6890 turns).

zeram the Sneak (Spriggan Fighter)                  Turns: 6890, Time: 00:13:06

Health: -4/35      AC:  2    Str: 12    XL:     7   Next: 87%
Magic:  13/13      EV:  4    Int: 11    God:
Gold:   322        SH:  0    Dex: 15    Spells: 11/13 levels left

rFire    . . .     SeeInvis +   n - +1 dagger (venom)
rCold    . . .     Faith    .   c - +0 buckler
rNeg     . . .     Spirit   .   b - +0 robe
rPois    .         Reflect  .   (helmet restricted)
rElec    .         Harm     .   m - scarf {repulsion}
rCorr    .         Rampage  .   (gloves unavailable)
Will     +....                  (boots unavailable)
Stlth    +++.......             (no amulet)
HPRegen  0.11/turn              (no ring)
MPRegen  0.13/turn              (no ring)

@: paralysed, repel missiles, very quick
A: very small, no large weapons, unfitting armour, see invisible, speed 3
a: no special abilities


You were on level 5 of the Dungeon.
You visited 1 branch of the dungeon, and saw 5 of its levels.

You collected 322 gold pieces.

Inventory:

Hand Weapons
 a - a +0 rapier of flaming
 n - a +1 dagger of venom (weapon)
Armour
 b - a +0 robe (worn)
 c - a +0 buckler (worn)
 m - a scarf of repulsion (worn)
Jewellery
 h - a +6 ring of dexterity
 i - a +6 ring of intelligence
Wands
 f - a wand of acid (11)
 g - a wand of polymorph (10)
Scrolls
 d - 2 scrolls of immolation
Potions
 e - 2 potions of brilliance
 k - 2 potions of magic


   Skills:
 - Level 2.4 Fighting
 + Level 5.5 Short Blades
 - Level 4.0 Dodging
 + Level 6.1 Stealth
 * Level 4.7 Shields
 * Level 3.9 Spellcasting


You had 11 spell levels left.
You knew the following spells:

 Your Spells              Type           Power      Damage    Failure   Level
a - Blink                 Tloc           N/A        N/A       41%         2

Your spell library contained the following spells:

 Spells                   Type           Power      Damage    Failure   Level
 Static Discharge         Conj/Air       2%         N/A       41%         2
 Lesser Beckoning         Tloc           1%         N/A       65%         3
 Dispel Undead            Necr           2%         3d7       96%         4
 Sticky Flame             Conj/Fire      2%         2d3       96%         4
 Manifold Assault         Tloc           2%         N/A       100%        5


Dungeon Overview and Level Annotations

Branches:
Dungeon (5/15)
 Temple: D:4-7

Altars:
Kikubaaqudgha
Qazlal
Vehumet

Shops:
D:1 !

Annotations:
D:5 Dowan, Duvessa, Grinder


Innate Abilities, Weirdness & Mutations

You are very small and have problems with some larger weapons.
You are too small for most types of armour.
You have supernaturally acute eyesight. (SInv)
You cover ground extremely quickly. (Speed+++)


Message History

The puff of flame hits you but does no damage.
You can move again.
It was a potion of magic.
Magic courses through your body. Duvessa barely misses you.
Dowan shouts!
You hit Duvessa.
Duvessa is lightly wounded.
You hit Grinder.
Grinder is heavily wounded.
Grinder hits you but does no damage. Duvessa hits you with a +0 short sword.
You hit Grinder.
Grinder is heavily wounded.
You block Duvessa's attack. You block Grinder's attack.
You hit Duvessa but do no damage.
Duvessa looks even sicker.
Duvessa is lightly wounded.
Duvessa barely misses you. Grinder barely misses you.
You closely miss Grinder.
Grinder is heavily wounded.
You hit Grinder but do no damage.
Grinder is severely wounded.
You feel less wooden.
Your scarf of repulsion unmelds from your body.
Your +0 robe unmelds from your body.
You are surrounded by a repulsion field.
Grinder barely misses you. Duvessa hits you with a +0 short sword!
* * * LOW HITPOINT WARNING * * *
It was a potion of curing.
You feel better.
Duvessa zaps a wand.
The puff of flame misses you.
The puff of flame hits Grinder.
Grinder blinks!
Okay, then.
Okay, then.
Okay, then.
Okay, then.
Grinder gestures at you. Pain shoots through your body!
* * * LOW HITPOINT WARNING * * *
Grinder gestures at you.
You suddenly lose the ability to move!
Dowan mumbles some strange words.
Dowan blinks!
Duvessa zaps a wand.
The puff of flame hits you.
You die...

#.###### #.... #.##.. e#
#.### #.##.# e####†...
#.##.# .#....... #.##.#
.#.##.... #########.##.#
.#.##.... #..........#.#
.#.##....
#.##########.######.#.##....
#.# #..5@.e.§.†..#.######
#.# #.###e########.# #.#
#.........#.# #.#
##..#.......# #.#
..######.###.### #.#
.........# #.# #.#
.######### #.# #.# #.# #.#
#.#


You could see Grinder (poisoned), Duvessa (very poisoned) and Dowan.

Vanquished Creatures
  Eustachio (D:5)
  A black bear (D:4)
  A sky beast (D:5)
  A phantom (D:5)
  A scorpion (D:5)
  A water moccasin skeleton (D:4)
  An orc priest (D:5)
  4 hounds
  An iguana (D:5)
  An orc wizard (D:5)
  A hound zombie (D:5)
  Robin (D:2)
  6 adders
  4 gnolls
  2 ufetubi (D:4)
  A worm (D:4)
  2 dart slugs
  7 orcs (D:5)
  8 ball pythons
  4 bats
  9 endoplasms
  A giant cockroach (D:1)
  16 hobgoblins
  3 kobolds
  7 quokkas
  6 frilled lizards
  13 goblins
  11 rats
115 creatures vanquished.

Notes
Turn   | Place    | Note
-------+----------+-------------------------------------------
     0 | D:1      | zeram the Spriggan Fighter began the quest for the Orb.
     0 | D:1      | Reached XP level 1. HP: 11/11 MP: 2/2
   443 | D:1      | Reached XP level 2. HP: 9/16 MP: 3/3
   602 | D:1      | Found Baiger's Distillery.
  1067 | D:1      | Reached skill level 1 in Stealth
  1345 | D:2      | Reached XP level 3. HP: 13/19 MP: 4/4
  1819 | D:2      | Reached skill level 2 in Stealth
  1869 | D:2      | Reached XP level 4. HP: 19/23 MP: 5/5
  1923 | D:2      | Noticed Robin
  1949 | D:2      | Killed Robin
  2235 | D:3      | Found a faded altar of an unknown god.
  2319 | D:3      | Found a stormy altar of Qazlal.
  2673 | D:3      | Reached skill level 3 in Stealth
  3504 | D:3      | Reached skill level 1 in Spellcasting
  3504 | D:3      | Reached XP level 5. HP: 27/27 MP: 7/7
  4185 | D:4      | Noticed a necrophage
  4188 | D:4      | Found an ancient bone altar of Kikubaaqudgha.
  4295 | D:4      | Found a radiant altar of Vehumet.
  4669 | D:4      | Reached skill level 4 in Stealth
  4704 | D:4      | Learned a level 2 spell: Blink
  4856 | D:4      | Noticed a black bear
  4873 | D:4      | Killed a black bear
  4874 | D:4      | Reached XP level 6. HP: 21/32 MP: 8/10
  5411 | D:5      | Entered Level 5 of the Dungeon
  5616 | D:5      | Noticed Eustachio
  5704 | D:5      | Killed Eustachio
  5705 | D:5      | Reached skill level 5 in Stealth
  5705 | D:5      | Reached XP level 7. HP: 16/35 MP: 10/12
  6642 | D:5      | Reached skill level 5 in Short Blades
  6807 | D:5      | Reached skill level 6 in Stealth
  6842 | D:5      | Noticed Grinder
  6855 | D:5      | Noticed Duvessa
  6858 | D:5      | Noticed Dowan
  6872 | D:5      | Paralysed by Grinder for 5 turns
  6888 | D:5      | HP: 1/35 [Grinder/nerve-wracking pain (11)]
  6889 | D:5      | Paralysed by Grinder for 4 turns
  6890 | D:5      | Killed from afar by Duvessa

Illustrated notes

Levels and vault maps discovered:
D:1:      dpeg_arrival_rooms_with_view, layout_basic, serial_shops,
          nicolae_shop_trees, minmay_misc_feat_enclosed, minmay_pentomino_v2
D:2:      layout_rooms, uniq_robin
D:3:      layout_rooms, mainiacjoe_overflow_tiny_flanked, serial_aquarium,
          aquarium_bridge_square [aquarium_subvault_bridge,
          aquarium_subvault_wall, aquarium_subvault_window,
          aquarium_subvault_bridge], aquarium_bridge_square
          [aquarium_subvault_window, aquarium_subvault_wall,
          aquarium_subvault_wall, aquarium_subvault_bridge],
          aquarium_window_fake, aquarium_window_fake, aquarium_window_1,
          aquarium_view_2c, aquarium_balcony_3b, basic_ecumenical_altar,
          serial_bayou_pond_e
D:4:      minmay_skewed_foursquare, layout_loops_corners,
          mainiacjoe_overflow_large_starburst, minivault_1
D:5:      layout_basic, uniq_eustachio, uniq_grinder, uniq_crazy_yiuf_cottage,
          uniq_duvessa

Skill      XL: |  1  2  3  4  5  6  7 |
---------------+----------------------+-----
Shields        | 3 4 |  4.7
Stealth        | 1 2 3 4 5 6 |  6.1
Spellcasting   | 1 2 3 |  3.9
Short Blades   | 3 4 5 |  5.5
Fighting       | |  2.4
Dodging        | |  4.0

Action                   |  1- 3 |  4- 6 |  7- 9 || total
-------------------------+-------+-------+-------++-------
Melee: Rapier            |   121 |       |       ||   121
       Dagger            |    14 |   195 |    88 ||   297
  Use: Scroll            |     1 |    10 |     2 ||    13
       Potion            |       |     3 |     2 ||     5
 Stab: Sleeping          |     3 |     3 |     5 ||    11
       Distracted        |       |     2 |       ||     2
Armor: Robe              |    10 |     9 |     5 ||    24
       Skin              |       |       |     8 ||     8
Dodge: Dodged            |    72 |   142 |    35 ||   249
Block: Buckler           |    30 |    57 |    28 ||   115
